 Dungeon Sprint DCSS version 0.20.1-1-g8b1a95d (webtiles) character file.

21 JustSomeDude the Poker (level 2, -1/23 HPs)
             Began as a Demonspawn Gladiator on Aug 30, 2017.
             Was the Champion of Jiyva.
             Killed by divine providence
             ... invoked by an orc priest
              (13 damage)
             ... in the Dungeon (Sprint VII: "The Pits").
             The game lasted 00:03:15 (267 turns).

JustSomeDude the Poker (Demonspawn Gladiator)        Turns: 267, Time: 00:03:17

Health: -1/23      AC:  6    Str: 15    XL:     2   Next: 65%
Magic:  2/2        EV: 13    Int:  9    God:    Jiyva [******]
Gold:   0          SH:  0    Dex: 17    Spells: 1/1 levels left

rFire    . . .     SeeInvis .   u - +2 trident (pierce)
rCold    + . .     Gourm    .   (no shield)
rNeg     . . .     Faith    .   a - +3 ring mail
rPois    .         Spirit   .   (helmet restricted)
rElec    .         Reflect  .   (no cloak)
rCorr    +         Harm     .   (no gloves)
MR       .....     Clarity  +   (no boots) Stlth +.........NoTele +
                                (no amulet)
Regen    0.1/turn               (no ring)
MPRegen  0.1/turn               (no ring)

@: no status effects
A: antennae 1, claws 1, agile 1, clarity, cold resistance 1, shaggy fur 1,
strong 1, acidic bite, pseudopods 1, translucent skin 1, tendrils, jelly sensing
items
a: Request Jelly, Slimify, Cure Bad Mutation, Renounce Religion


You were in the Dungeon.
You worshipped Jiyva.
Jiyva was exalted by your worship.
You were full.

You visited 1 branch

Inventory:

Hand Weapons
 s - a +2 trident
 u - a +2 trident of piercing (weapon)
Missiles
 d - 3 throwing nets (quivered)
Armour
 a - a +3 ring mail (worn)
 b - a +0 leather armour
 c - a +0 helmet
 t - a +3 chain mail
Scrolls
 k - a scroll of blinking
 n - 3 scrolls of remove curse
 o - 5 scrolls of amnesia
Potions
 e - 6 potions of curing
 g - 6 potions of heal wounds
 h - a potion of haste
 i - 4 potions of magic
 j - 3 potions of berserk rage
 m - 2 potions of invisibility
Comestibles
 f - 8 bread rations
 l - 2 chunks of flesh
 q - 40 fruits
 r - 7 meat rations


   Skills:
 + Level 2.7 Fighting
 + Level 4.0 Polearms
 + Level 2.4 Throwing
 + Level 0.5 Armour
 + Level 3.8 Dodging
 + Level 0.4 Stealth


You had one spell level left.
You didn't know any spells.

Dungeon Overview and Level Annotations

Branches:
Dungeon (1/1)

Altars:
Ashenzari
Cheibriados
Dithmenos
Elyvilon
Fedhas
Gozag
Hepliaklqana
Kikubaaqudgha
Makhleb
Nemelex Xobeh
Okawaru
Qazlal
Ru
Sif Muna
Trog
Uskayaw
Vehumet
Xom
Yredelemnul
Zin
The Shining One
Beogh
Jiyva
Lugonu


Innate Abilities, Weirdness & Mutations

You have a pair of small antennae on your head.
You have sharp fingernails.
You are agile. (Dex +2)
You possess an exceptional clarity of mind.
Your flesh is cold resistant. (rC+)
You are covered in fur. (AC +1)
Your muscles are strong. (Str +2)
You have acidic saliva.
Armour fits poorly on your pseudopods.
Your translucent skin slightly reduces your foes' accuracy. (Stealth)
You are covered in slimy tendrils that may disarm your opponents.
You have a small jelly attached to you that senses nearby items.


Message History

Press: ? - help, Dir - move target cursor, f - orc warrior, p - orc
Aim: an orc warrior, wielding a scimitar of freezing and wearing a plate armour You reach to attack!
You hit the orc warrior.
The orc warrior is moderately wounded.
Your small abomination barely misses the orc warrior.
The orc priest calls down the wrath of Beogh upon you.
Beogh smites you!
You shudder from the blast and a flood of jellies pours out from you!
Unknown command.
Attack whom?
Press: ? - help, Dir - move target cursor, f/p - orc warrior
Aim: an orc warrior, wielding a scimitar of freezing and wearing a plate armour (moderately wounded)
You reach to attack!
You closely miss the orc warrior.
The orc warrior is moderately wounded.
The orc warrior completely misses your small abomination.
Your small abomination hits the orc warrior!
The orc priest calls down the wrath of Beogh upon you.
Beogh smites you!
Ouch! That really hurt!
You die...

##########.##.....
#.........J.'.....
#'#####'#####.....
#.#.....#.J##.....
#.#.....#..#####'#
#.###'###.J##.....
#J#.....#..##.....
#J#.....#..##.....
#@####'##'###...<.
#x#........##.....
#o#........##.....
#o###########.....


#ho ###### #o.# #.## #.. #.# You could see an orc warrior, a wolf, an orc
priest, 2 orcs, 2 friendly acid blobs and a friendly small abomination.

Vanquished Creatures
  An adder (D)
  An adder zombie (D)
  A bat (D)
  2 kobolds (D)
  2 ball pythons (D)
  A frilled lizard (D)
  A rat (D)
9 creatures vanquished.

Vanquished Creatures (collateral kills)
  An orc (D)
1 creature vanquished.

Vanquished Creatures (others)
  3 jellies (D)
3 creatures vanquished.

Grand Total: 13 creatures vanquished

Notes
Turn   | Place    | Note
-------+----------+-------------------------------------------
     0 | D        | JustSomeDude the Demonspawn Gladiator began the quest for the Orb.
     0 | D        | Reached XP level 1. HP: 16/16 MP: 1/1
    19 | D        | Found a bloodstained altar of Trog.
    19 | D        | Found a deep blue altar of Sif Muna.
    19 | D        | Found a viscous altar of Jiyva.
    19 | D        | Found a hazy altar of Hepliaklqana.
    19 | D        | Found an opulent altar of Gozag.
    20 | D        | Found a glowing golden altar of the Shining One.
    20 | D        | Found a glowing silver altar of Zin.
    20 | D        | Found a basalt altar of Yredelemnul.
    20 | D        | Found a shimmering altar of Xom.
    20 | D        | Found a sacrificial altar of Ru.
    20 | D        | Found a stormy altar of Qazlal.
    20 | D        | Found an iron altar of Okawaru.
    20 | D        | Found a sparkling altar of Nemelex Xobeh.
    20 | D        | Found a burning altar of Makhleb.
    20 | D        | Found a blossoming altar of Fedhas.
    20 | D        | Found a white marble altar of Elyvilon.
    20 | D        | Found a shadowy altar of Dithmenos.
    20 | D        | Found a snail-covered altar of Cheibriados.
    21 | D        | Found a radiant altar of Vehumet.
    21 | D        | Found a corrupted altar of Lugonu.
    21 | D        | Found a roughly hewn altar of Beogh.
    22 | D        | Found a hide-covered altar of Uskayaw.
    22 | D        | Found an ancient bone altar of Kikubaaqudgha.
    22 | D        | Found a shattered altar of Ashenzari.
    82 | D        | Became a worshipper of Jiyva Jocarph the Shapeless
    99 | D        | Reached * piety under Jiyva
   102 | D        | Reached ** piety under Jiyva
   102 | D        | Reached *** piety under Jiyva
   105 | D        | Gained mutation: You are covered in slimy tendrils that may disarm your opponents. [Jiyva's grace]
   105 | D        | Reached **** piety under Jiyva
   109 | D        | Gained mutation: You have sharp toenails. [Jiyva's grace]
   109 | D        | Reached ***** piety under Jiyva
   110 | D        | Gained mutation: Your body has grown golden eyes which may confuse attackers. (Acc +3) [Jiyva's grace]
   112 | D        | Reached skill level 3 in Polearms
   117 | D        | Gained mutation: You have a pair of small antennae on your head. [demonic ancestry]
   117 | D        | Reached XP level 2. HP: 18/23 MP: 2/2
   132 | D        | Reached ****** piety under Jiyva
   132 | D        | Gained mutation: You are agile. (Dex +2) [Jiyva's grace]
   181 | D        | Lost mutation: You are agile. (Dex +2) [Jiyva's grace]
   186 | D        | Lost mutation: You have sharp toenails. [Jiyva's grace]
   188 | D        | Gained mutation: Your translucent skin slightly reduces your foes' accuracy. (Stealth) [Jiyva's grace]
   191 | D        | Gained mutation: You have sharp toenails. [Jiyva's grace]
   194 | D        | Gained mutation: You are covered in fur. (AC +1) [Jiyva's grace]
   194 | D        | Gained mutation: Your muscles are strong. (Str +2) [Jiyva's grace]
   195 | D        | Gained mutation: You have sharp fingernails. [Jiyva's grace]
   195 | D        | Gained mutation: You possess an exceptional clarity of mind. [Jiyva's grace]
   195 | D        | Gained mutation: You have acidic saliva. [Jiyva's grace]
   198 | D        | Gained mutation: You have supernaturally acute eyesight. (SInv) [Jiyva's grace]
   198 | D        | Lost mutation: Your body has grown golden eyes which may confuse attackers. (Acc +3) [Jiyva's grace]
   200 | D        | Gained mutation: Armour fits poorly on your pseudopods. [Jiyva's grace]
   201 | D        | Gained mutation: Your magical capacity is low. (-10% MP) [Jiyva's grace]
   202 | D        | Lost mutation: You have supernaturally acute eyesight. (SInv) [Jiyva's grace]
   202 | D        | Gained mutation: Your flesh is cold resistant. (rC+) [Jiyva's grace]
   205 | D        | Gained mutation: You have a small jelly attached to you that senses nearby items. [Jiyva's grace]
   215 | D        | Lost mutation: Your magical capacity is low. (-10% MP) [Jiyva's grace]
   216 | D        | Lost mutation: You have sharp toenails. [Jiyva's grace]
   218 | D        | Gained mutation: You are agile. (Dex +2) [Jiyva's grace]
   255 | D        | Noticed a wolf
   256 | D        | Noticed an orc warrior
   262 | D        | Reached skill level 4 in Polearms
   267 | D        | Killed from afar by an orc priest

Skill      XL: |  1  2 |
---------------+-------+-----
Dodging        | 3 |  3.8
Throwing       | 2 |  2.4
Polearms       | 3 4 |  4.0
Fighting       | |  2.7
Armour         | |  0.5
Stealth        | |  0.4

Action                   || total
-------------------------++-------
Melee: Trident           ||    24
       Kick              ||     1
  Use: Scroll            ||     1
 Stab: Confused          ||     1
Armor: Leather armour    ||     4
Dodge: Dodged            ||    12
